 Dungeon Crawl Stone Soup version 0.29-a0-303-ge4682ce883 (webtiles) character file.

Game seed: 15268483150818192878

36 kae the Firebug (level 3, -6/20 HPs)
             Began as a Tengu Fire Elementalist on Mar 25, 2022.
             Mangled by Ijyb
             ... wielding a +0 club
              (7 damage)
             ... on level 3 of the Dungeon.
             The game lasted 00:00:55 (1346 turns).

kae the Firebug (Tengu Fire Elementalist)           Turns: 1346, Time: 00:00:56

Health: -6/20      AC:  2    Str:  8    XL:     3   Next: 37%
Magic:  2/7        EV: 12    Int: 17    God:
Gold:   24         SH:  0    Dex: 14    Spells: 5/6 levels left

rFire   . . .      SeeInvis .   c - +0 short sword (protect)
rCold   . . .      Faith    .   (no shield)
rNeg    . . .      Spirit   .   a - +0 robe
rPois   .          Reflect  .   (helmet restricted)
rElec   .          Harm     .   (no cloak)
rCorr   .          Rampage  .   (no gloves)
Will    .....                   (boots unavailable)
Stlth   ++........              (no amulet)
HPRegen 0.06/turn               (no ring)
MPRegen 0.10/turn               (no ring)

@: no status effects
A: beak, talons 3
a: no special abilities


You were on level 3 of the Dungeon.
You visited 1 branch of the dungeon, and saw 3 of its levels.

You collected 24 gold pieces.

Inventory:

Hand Weapons
 c - a +0 short sword of protection (weapon)
Armour
 a - a +0 robe (worn)
Scrolls
 e - a scroll of magic mapping {unknown}
 f - a scroll of brand weapon
 h - 2 scrolls of fear {unknown}
 k - 2 scrolls of teleportation {unknown}
Potions
 b - a potion of magic
 d - a potion of berserk rage
 g - 2 potions of heal wounds {unknown}
 i - a potion of curing {unknown}
 j - a potion of lignification {unknown}
 l - a potion of resistance {unknown}
 m - a potion of brilliance {unknown}


   Skills:
 + Level 0.8 Fighting
 + Level 2.5 Dodging
 - Level 2.0 Stealth
 + Level 2.2 Spellcasting
 + Level 2.1 Conjurations
 * Level 3.9 Fire Magic


You had 5 spell levels left.
You knew the following spells:

 Your Spells              Type           Power      Damage    Failure   Level
a - Foxfire               Conj/Fire      48%        2x1d6     5%          1

Your spell library contained the following spells:

 Spells                   Type           Power      Damage    Failure   Level
 Scorch                   Fire           30%        2d6       6%          2
 Conjure Flame            Conj/Fire      12%        6-21      16%         3
 Inner Flame              Hex/Fire       8%         N/A       26%         3
 Flame Wave               Conj/Fire      12%        2d6       47%         4


Dungeon Overview and Level Annotations

Branches:
Dungeon (2/15)

Altars:

Shops:
D:1 [

Annotations:
D:1 exclusion: gnoll
D:3 Ijyb


Innate Abilities, Weirdness & Mutations

You have a beak for a mouth.
You have claws for feet.


Message History

The foxfire hits Ijyb.
Ijyb is lightly wounded.
Ijyb screams, "Me very upset!"
Casting: Foxfire (safe; 5% risk of failure)
Confirm with . or Enter, or press ? or * to list all spells.
You conjure some foxfire!
Ijyb zaps a wand.
You suddenly lose the ability to move!
The foxfire hits Ijyb.
Ijyb is lightly wounded.
The foxfire hits Ijyb but does no damage.
Ijyb is lightly wounded.
Ijyb hits you with a +0 club. x2
You can move again.
Ijyb hits you with a +0 club.
* * * LOW HITPOINT WARNING * * *
Unknown command.
Unknown command.
Casting: Foxfire (safe; 5% risk of failure)
Confirm with . or Enter, or press ? or * to list all spells.
You conjure some foxfire!
Ijyb zaps a wand.
You resist with significant effort.
The foxfire hits Ijyb.
Ijyb is moderately wounded.
The foxfire hits Ijyb.
Ijyb is moderately wounded.
Ijyb closely misses you.
Casting: Foxfire (safe; 5% risk of failure)
Confirm with . or Enter, or press ? or * to list all spells.
You conjure some foxfire!
Ijyb barely misses you.
The foxfire hits Ijyb but does no damage.
Ijyb is moderately wounded.
The foxfire hits Ijyb but does no damage.
Ijyb is moderately wounded.
Ijyb hits you with a +0 club.
* * * LOW HITPOINT WARNING * * *
Casting: Foxfire (safe; 5% risk of failure)
Confirm with . or Enter, or press ? or * to list all spells.
You conjure some foxfire!
Ijyb screams, "No!
No, no, no, no!"
Ijyb hits you with a +0 club!
You die...

## ...
....
#####.....
#.........
#v@g......
#v........
#.........
#.........
#.........
###.......
.......
.......


You could see Ijyb (ally target).

Vanquished Creatures
  An adder (D:2)
  A worm (D:2)
  2 endoplasms
  A goblin (D:1)
  2 hobgoblins
  3 jackals (D:2)
  3 quokkas
  3 bats
  A frilled lizard (D:1)
  2 kobolds (D:1)
  4 rats
23 creatures vanquished.

Vanquished Creatures (collateral kills)
  A foxfire (D:2)
1 creature vanquished.

Vanquished Creatures (others)
  78 foxfires
  5 plants (D:2)
83 creatures vanquished.

Grand Total: 107 creatures vanquished

Notes
Turn   | Place    | Note
-------+----------+-------------------------------------------
     0 | D:1      | kae the Tengu Fire Elementalist began the quest for the
                  | Orb.
     0 | D:1      | Reached XP level 1. HP: 10/10 MP: 4/4
   261 | D:1      | Reached XP level 2. HP: 15/15 MP: 3/6
   420 | D:1      | Found Plog's Armour Boutique.
   482 | D:1      | Found a faded altar of an unknown god.
   884 | D:2      | Reached XP level 3. HP: 17/20 MP: 3/7
  1332 | D:2      | You fall into a shaft and drop 1 floor!
  1332 | D:3      | Noticed Ijyb
  1337 | D:3      | Paralysed by Ijyb for 4 turns
  1345 | D:3      | HP: 1/20 [Ijyb/+0 club (3)]
  1346 | D:3      | Mangled by Ijyb

Illustrated notes

Levels and vault maps discovered:
D:1:      dpeg_arrival_orchard, layout_rooms, serial_shops,
          nicolae_shop_behind_doors, shapermc_ecumenical_altar_mp_highgroup
D:2:      layout_basic, serial_forest, infiniplex_forest_clump_tiny,
          infiniplex_forest_clump_small, infiniplex_forest_lined_3,
          infiniplex_forest_diagonal, infiniplex_forest_clump_long,
          infiniplex_forest_end_3
D:3:      layout_basic, nicolae_wu_jian_wuxing_cycle,
          mainiacjoe_overflow_alcove_1, mainiacjoe_overflow_boulevard,
          gammafunk_ghost_mausoleum, uniq_terence, uniq_ijyb,
          uniq_crazy_yiuf_cottage

Skill      XL: |  1  2 |
---------------+-------+-----
Conjurations   | 2 |  2.1
Fighting       | |  0.8
Dodging        | |  2.5
Stealth        | |  2.0
Spellcasting   | |  2.2
Fire Magic     | |  3.9

Action                   || total
-------------------------++-------
Melee: Short sword       ||    12
       Kick              ||     4
       Peck              ||     3
 Cast: Foxfire           ||    47
  Use: Scroll            ||     4
Armor: Robe              ||     4
Dodge: Dodged            ||    16

Table legend: (Time is in decaauts)
 A = Elapsed time spent in this place.
 B = Non-inter-level travel time spent in this place.
 C = Inter-level travel time spent in this place.
 D = Time resting spent in this place.
 E = Time spent auto-exploring this place.
 F = Levels seen in this place.
 G = Mean time per level.
                   A        B        C        D        E       F      G
               +--------+--------+--------+--------+--------+-----+--------+
         Total |   1346 |   1336 |     10 |     28 |   1114 |   3 |  448.7 |
       Dungeon |   1346 |   1336 |     10 |     28 |   1114 |   3 |  448.7 |
               +--------+--------+--------+--------+--------+-----+--------+

Top non-repeatable levels by time:
     D:1: 672 daAuts
     D:2: 659 daAuts
     D:3: 13 daAuts
